 Dungeon Crawl Stone Soup version 0.32-a0-132-g2d33c3cfaf (webtiles) character file.

Game seed: 11763175332958722106

340 CougarLife the Digger (level 6, -1/32 HPs)
             Began as a Gargoyle Earth Elementalist on Feb 9, 2024.
             Slain by Duvessa
             ... wielding a +0 short sword
              (4 damage)
             ... on level 4 of the Dungeon.
             The game lasted 00:04:58 (3001 turns).

CougarLife the Digger (Gargoyle Earth Elementalist) Turns: 3001, Time: 00:04:58

Health: -1/32      AC:  8    Str: 11    XL:     6   Next: 56%
Magic:  13/21      EV: 16    Int: 18    God:
Gold:   161        SH:  0    Dex: 10    Spells: 12/13 levels left

rFire   . . .        k - +0 dagger
rCold   + . .        (no shield)
rNeg    + . .        t - +2 robe {rC+}
rPois   ∞            (no helmet)
rElec   +            (no cloak)
rCorr   .            (no gloves)
SInv    .            (no boots)
Will    .....        (no amulet)
Stlth   ++           p - ring of magical power
HPRegen 0.25/turn    a - +5 ring of evasion
MPRegen 0.17/turn

%: no passive effects
@: no status effects
A: sickness immunity, AC +4, negative energy resistance 1, electricity
resistance, torment resistance 1, petrification resistance
a: no special abilities


You were on level 4 of the Dungeon.
You visited 1 branch of the dungeon, and saw 4 of its levels.

You collected 161 gold pieces.

Inventory:

Hand Weapons
 k - a +0 dagger (weapon)
Missiles
 n - 2 curare-tipped darts
Armour
 t - a +2 robe of cold resistance (worn)
Jewellery
 a - a +5 ring of evasion (right hand)
 g - a ring of ice
 p - a ring of magical power (left hand)
Scrolls
 c - 2 scrolls of fog {unknown}
 d - 3 scrolls of amnesia {unknown}
 e - 3 scrolls of identify {unknown}
 f - a scroll of brand weapon {unknown}
 j - 4 scrolls of revelation {unknown}
 o - a scroll of torment {unknown}
 r - a scroll of enchant weapon {unknown}
Potions
 b - a potion of magic
 h - a potion of invisibility {unknown}
 i - 3 potions of mutation {unknown}
 l - a potion of lignification {unknown}
 m - a potion of curing {unknown}
 q - a potion of brilliance {unknown}
 s - 3 potions of degeneration {unknown}


   Skills:
 - Level 1.5 Dodging
 - Level 2.1 Stealth
 + Level 4.0 Spellcasting
 + Level 4.0 Conjurations
 + Level 5.7 Earth Magic


You had 12 spell levels left.
You knew the following spells:

 Your Spells              Type           Power      Damage    Failure   Level
a - Sandblast             Erth           48%        2d12      1%          1

Your spell library contained the following spells:

 Spells                   Type           Power      Damage    Failure   Level
 Passwall                 Erth           24%        N/A       4%          3
 Sting                    Conj/Alch      40%        1d5       6%          1
 Stone Arrow              Conj/Erth      42%        3d9       6%          3
 Apportation              Tloc           6%         N/A       14%         1
 Necrotise                Necr           12%        1d4       14%         1
 Summon Small Mammal      Summ           12%        N/A       14%         1
 Brom's Barrelling Bould  Conj/Erth      21%        2d4       21%         4
 Jinxbite                 Hex            6%         N/A       22%         2
 Call Canine Familiar     Summ           3%         N/A       41%         3
 Sigil of Binding         Hex            3%         N/A       41%         3
 Tukima's Dance           Hex            3%         N/A       41%         3
 Petrify                  Alch/Erth      13%        N/A       41%         4
 Dimensional Bullseye     Hex/Tloc       1%         N/A       82%         4
 Passage of Golubria      Tloc           3%         N/A       82%         4
 Yara's Violent Unravell  Hex/Alch       1%         3d3       99%         5
 Enfeeble                 Hex            1%         N/A       100%        7


Dungeon Overview and Level Annotations

Branches:
Dungeon (4/15)
 Temple: D:4-7

Altars:

Shops:
D:3 [   D:4 (

Annotations:
D:4 Dowan, Duvessa


Innate Abilities, Weirdness & Mutations

You are immune to sickness and miasma.
Your stone body is resilient. (AC +4)
You are immune to poison.
You resist negative energy. (rN+)
You are resistant to electric shocks. (rElec)
You are resistant to unholy torment.
You are immune to petrification.


Message History

Casting: Sandblast (safe; 1% risk of failure)
Confirm with . or Enter, or press ? or * to list all spells.
Aiming: Sandblast (safe; 1% risk of failure)
Press: ? - help, Shift-Dir - straight line, f - Duvessa, p - goblin
Aim: Duvessa, wielding a +0 short sword and wearing a +0 scale mail (87% to hit)
The blast of sand hits Duvessa.
Duvessa is lightly wounded.
Dowan hits you with a +0 dagger. Duvessa hits you with a +0 short sword.
Casting: Sandblast (safe; 1% risk of failure)
Confirm with . or Enter, or press ? or * to list all spells.
Aiming: Sandblast (safe; 1% risk of failure)
Press: ? - help, Shift-Dir - straight line, f/p - Duvessa
Aim: Duvessa, wielding a +0 short sword and wearing a +0 scale mail (lightly wounded, 87% to hit)
The blast of sand hits Duvessa.
Duvessa is moderately wounded.
The goblin unwields a +0 sling.
The goblin wields a +0 dagger.
The goblin hits you with a +0 dagger. Duvessa hits you but does no damage.
Dowan hits you but does no damage. The goblin hits you with a +0 dagger.
Duvessa hits you with a +0 short sword. Dowan closely misses you.
Casting: Sandblast (safe; 1% risk of failure)
Confirm with . or Enter, or press ? or * to list all spells.
Aiming: Sandblast (safe; 1% risk of failure)
Press: ? - help, Shift-Dir - straight line, f/p - Duvessa
Aim: Duvessa, wielding a +0 short sword and wearing a +0 scale mail (moderately wounded, 87% to hit)
The blast of sand misses Duvessa.
The blast of sand hits the dart slug!
The dart slug is severely wounded.
The goblin misses you. Dowan hits you with a +0 dagger.
Duvessa closely misses you.
Your magical contamination has completely faded away.
Dowan points at Duvessa and mumbles some strange words.
Duvessa seems to speed up.
The goblin barely misses you. Duvessa attacks as she pursues you!
Duvessa hits you with a +0 short sword!
* * * LOW HITPOINT WARNING * * *
Duvessa attacks as she pursues you! Duvessa hits you with a +0 short sword.
* * * LOW HITPOINT WARNING * * *
The goblin attacks as it pursues you! The goblin barely misses you.
The goblin unwields a +0 dagger.
The goblin wields a +0 sling.
The goblin shoots a sling bullet.
The sling bullet completely misses you. Duvessa hits you with a +0 short sword.
You die...

... #~~. ... .... #... .#
... ...!##... ##.. ...
........## ..... ...
#........###... #..
.......†...#.## # ####
#.....eg....$##.. #. ##.#.
#................##.##....
###.....we@....##..#..#....
#.........#..<..#..........
#.........##....#..>....##.
..#....##.^...........ß.ß.ß
# #..........##..#.##......
#.###.......#...#..#.<.∩.>
... #..###..#......#..)...
.. #...##...........ß#ß#ß
###.#.[...............


You could see Duvessa (fast), Dowan, a dart slug and a goblin.

Vanquished Creatures
  Sigmund (D:4)
  A hound (D:4)
  An iguana (D:3)
  4 adders
  6 dart slugs
  4 ribbon worms (D:3)
  4 orcs (D:4)
  3 ball pythons (D:3)
  2 bats (D:3)
  7 endoplasms
  4 giant cockroaches
  5 goblins
  7 hobgoblins
  6 kobolds
  3 quokkas
  3 frilled lizards
  A rat (D:2)
62 creatures vanquished.

Notes
Turn   | Place    | Note
-------+----------+-------------------------------------------
     0 | D:1      | CougarLife the Gargoyle Earth Elementalist began the quest
                  | for the Orb.
     0 | D:1      | Reached XP level 1. HP: 10/10 MP: 3/3
   361 | D:1      | Reached XP level 2. HP: 14/15 MP: 0/5
   989 | D:2      | Reached skill level 4 in Earth Magic
  1664 | D:3      | Reached XP level 3. HP: 19/19 MP: 4/6
  2020 | D:3      | Found Wupamu's Armour Shoppe.
  2171 | D:3      | Reached XP level 4. HP: 24/24 MP: 8/8
  2571 | D:4      | Noticed a phantom
  2571 | D:4      | Found Kore Dalop's Antique Weapon Shop.
  2692 | D:4      | Reached XP level 5. HP: 24/28 MP: 9/9
  2905 | D:4      | Noticed Sigmund
  2911 | D:4      | Killed Sigmund
  2912 | D:4      | Reached skill level 5 in Earth Magic
  2912 | D:4      | Reached XP level 6. HP: 22/32 MP: 11/11
  2987 | D:4      | Noticed Dowan
  2990 | D:4      | Noticed Duvessa
  3001 | D:4      | Slain by Duvessa

Illustrated notes

Levels and vault maps discovered:
D:1:      dpeg_arrival_prison, layout_basic
D:2:      layout_rooms
D:3:      layout_basic, cheibrodos_sewer_entry_bend, serial_shops,
          nicolae_shop_pleasant_corner_grove
D:4:      kennysheep_slugbush, layout_cave_pools, temple_hall_moat,
          serial_shops, nicolae_stop_n_shop_2, roderic_batcave, uniq_natasha,
          uniq_duvessa, uniq_sigmund

Skill      XL: |  1  2  3  4  5  6 |
---------------+-------------------+-----
Earth Magic    | 4 5 |  5.7
Conjurations   | 2 3 4 |  4.0
Spellcasting   | 3 4 |  4.0
Dodging        | |  1.5
Stealth        | |  2.1

Action                     |  1- 3 |  4- 6 || total
---------------------------+-------+-------++-------
  Melee: Unarmed           |     2 |       ||     2
   Cast: Sandblast         |    61 |    56 ||   117
 Armour: Robe              |    19 |    36 ||    55
  Dodge: Dodged            |    13 |    37 ||    50

Table legend: (Time is in decaauts)
 A = Elapsed time spent in this place.
 B = Non-inter-level travel time spent in this place.
 C = Inter-level travel time spent in this place.
 D = Time resting spent in this place.
 E = Time spent auto-exploring this place.
 F = Levels seen in this place.
 G = Mean time per level.
                   A        B        C        D        E       F      G
               +--------+--------+--------+--------+--------+-----+--------+
         Total |   3062 |   2961 |    101 |    253 |   2269 |   4 |  765.5 |
       Dungeon |   3062 |   2961 |    101 |    253 |   2269 |   4 |  765.5 |
               +--------+--------+--------+--------+--------+-----+--------+

Top non-repeatable levels by time:
     D:3: 1086 daAuts
     D:1: 969 daAuts
     D:2: 707 daAuts
     D:4: 298 daAuts
